 Dungeon Crawl Stone Soup version 0.31-a0-221-gbddc013574 (webtiles) character file.

Game seed: 9794883267532373745

3013 Nietzsche the Slicer (level 9, -9/66 HPs)
             Began as a Vampire Gladiator on July 5, 2023.
             Killed from afar by a gargoyle (14 damage)
             ... with a stone arrow
             ... on level 6 of the Dungeon.
             The game lasted 00:21:43 (5083 turns).

Nietzsche the Slicer (Vampire Gladiator)            Turns: 5083, Time: 00:21:44

Health: -9/66      AC:  8    Str: 13    XL:     9   Next: 55%
Magic:  0/25       EV: 15    Int: 14    God:
Gold:   151        SH:  0    Dex: 16    Spells: 18/18 levels left

rFire   . . .        o - +4 dagger (venom)
rCold   . . .        (no shield)
rNeg    + . .        I - +2 robe {rN+}
rPois   .            f - +1 hat
rElec   .            (no cloak)
rCorr   .            l - +2 pair of gloves
SInv    +            (no boots)
Will    .....        n - amulet "Jozakami" {Spirit MP+9}
Stlth   +++          H - ring of wizardry
HPRegen 0.51/turn    (no ring)
MPRegen 0.19/turn

%: guardian spirit, wizardry (x1)
@: healing quickly
A: alive, fangs 3, see invisible, vampiric 2
a: Exsanguinate


You were on level 6 of the Dungeon.
You visited 1 branch of the dungeon, and saw 6 of its levels.

You collected 239 gold pieces.
You spent 88 gold pieces at shops.

Inventory:

Hand Weapons
 a - a +0 rapier
 o - a +4 dagger of venom (weapon)
 v - a +0 scythe
Missiles
 d - 3 throwing nets (quivered)
 e - a javelin
Armour
 b - a +1 leather armour
 f - a +1 hat (worn)
 l - a +2 pair of gloves (worn)
 x - a +2 plate armour of willpower
 y - a +1 robe of positive energy
 C - a +0 ring mail of willpower
 I - a +2 robe of positive energy (worn)
Jewellery
 h - a ring of protection from cold
 n - the amulet "Jozakami" (around neck) {Spirit MP+9}
   (You found it on level 2 of the Dungeon)

   [amulet of guardian spirit]

   It causes incoming damage to be divided between your reserves of health and
   magic.
   MP:        It affects your magic capacity (+9).
 A - an amulet of faith
 H - a ring of wizardry (left hand)
Wands
 u - a wand of mindburst (4)
 F - a wand of polymorph (5)
Scrolls
 i - a scroll of immolation {unknown}
 k - a scroll of poison {unknown}
 p - 3 scrolls of fog
 q - a scroll of amnesia {unknown}
 s - a scroll of brand weapon {unknown}
 z - a scroll of silence {unknown}
 B - 2 scrolls of teleportation {unknown}
 D - a scroll of enchant weapon {unknown}
 E - a scroll of revelation
 G - 2 scrolls of blinking {unknown}
 J - a scroll of noise {unknown}
Potions
 c - a potion of lignification {unknown}
 j - a potion of haste
 m - a potion of enlightenment


   Skills:
 + Level 4.6 Fighting
 + Level 8.2 Short Blades
 - Level 1.5 Throwing
 + Level 4.1 Armour
 + Level 6.9 Dodging
 + Level 5.6 Stealth
 * Level 5.2 Spellcasting


You had 18 spell levels left.
You didn't know any spells.
Your spell library was empty.

Dungeon Overview and Level Annotations

Branches:
Dungeon (6/15)
 Temple: D:4-7

Altars:

Shops:
D:6 :[


Innate Abilities, Weirdness & Mutations

Your natural rate of healing is accelerated.
You have razor-sharp teeth.
You have supernaturally acute eyesight. (SInv)
You are afflicted with vampirism and can become a bat while bloodless.


Message History

The gargoyle is heavily damaged.
The gargoyle hurls a stone arrow at you.
The stone arrow misses you.
You flicker for a moment.
You hit the gargoyle but do no damage.
The gargoyle is moderately damaged.
You hit the gargoyle but do no damage.
You bite the gargoyle, but do no damage.
The gargoyle is moderately damaged.
The gargoyle hurls a stone arrow at you.
The stone arrow misses you.
You hit the gargoyle but do no damage.
The gargoyle is moderately damaged.
The gargoyle hits you with a +0 flail.
* * * LOW HITPOINT WARNING * * *
You hit the gargoyle but do no damage.
The gargoyle is moderately damaged.
You hit the gargoyle but do no damage.
The gargoyle is moderately damaged.
The gargoyle hurls a stone arrow at you.
The stone arrow hits you!
* * * LOW HITPOINT WARNING * * *
You hit the gargoyle but do no damage.
The gargoyle is moderately damaged.
You hit the gargoyle but do no damage.
The gargoyle is moderately damaged.
The gargoyle hurls a stone arrow at you.
The stone arrow misses you.
You strike the helpless gargoyle from behind!
You puncture the gargoyle!
The gargoyle is severely damaged.
You flicker back into view.
The gargoyle completely misses you.
You hit the gargoyle but do no damage. Your bite misses the gargoyle.
The gargoyle is severely damaged.
You hit the gargoyle but do no damage.
The gargoyle is severely damaged.
The gargoyle hurls a stone arrow at you.
The stone arrow hits you!
You die...

#.P..~≈~.# #....~≈~.#.#
#....~≈###o#
#...P~≈#.o:#################
#....≈≈#oOo#................
#....~≈#####~~~≈~~~~~~~≈~~~≈
#....~≈≈≈≈≈≈≈≈≈≈≈≈≈≈≈≈~≈≈~~≈
#....~≈≈~~≈≈~~~~~~~~≈~~~~≈~~
#....P.....@9......P........
#................P..........
############################


You could see a gargoyle, an ogre, an orc wizard and an orc.

Vanquished Creatures
  A cyclops (D:6)
  A kobold demonologist (D:6)
  Sigmund (D:3)
  Eustachio (D:4)
  A warg (D:6)
  2 water moccasins
  A black bear (D:5)
  An orc warrior (D:6)
  An ice beast (D:5)
  2 ogres (D:5)
  A phantom (D:5)
  A bullfrog (D:6)
  2 scorpions (D:4)
  7 howler monkeys (D:6)
  11 hounds
  A jelly (D:5)
  An orc priest (D:6)
  2 iguanas
  3 sleepcaps (D:6)
  4 orc wizards
  Robin (D:2)
  5 gnolls
  4 adders
  A white imp (D:6)
  7 dart slugs
  13 orcs
  10 bats
  6 endoplasms
  A giant cockroach (D:4)
  18 goblins
  13 hobgoblins
  2 jackals (D:4)
  3 quokkas
  3 ball pythons
  4 frilled lizards (D:1)
  7 kobolds
  6 rats
149 creatures vanquished.

Notes
Turn   | Place    | Note
-------+----------+-------------------------------------------
     0 | D:1      | Nietzsche the Vampire Gladiator began the quest for the
                  | Orb.
     0 | D:1      | Reached XP level 1. HP: 16/16 MP: 1/1
    82 | D:1      | Reached XP level 2. HP: 22/22 MP: 2/2
   270 | D:1      | Gained mutation: You are afflicted with vampirism and can
                  | become a bat while bloodless. [Vampire growth]
   270 | D:1      | Reached XP level 3. HP: 19/27 MP: 3/3
   313 | D:1      | Found a faded altar of an unknown god.
   585 | D:2      | Reached skill level 4 in Short Blades
   602 | D:2      | Noticed Robin
   731 | D:2      | Killed Robin
   774 | D:2      | Identified the amulet "Jozakami" {Spirit MP+9}
  1015 | D:2      | Reached skill level 1 in Spellcasting
  1146 | D:2      | Reached XP level 4. HP: 31/33 MP: 3/5
  1300 | D:3      | Reached skill level 1 in Armour
  1429 | D:3      | Reached skill level 1 in Stealth
  1699 | D:3      | Reached XP level 5. HP: 36/38 MP: 7/7
  1876 | D:3      | Noticed Sigmund
  1888 | D:3      | Killed Sigmund
  1889 | D:3      | Reached skill level 5 in Short Blades
  1889 | D:3      | Reached XP level 6. HP: 40/46 MP: 9/9
  2309 | D:4      | Noticed Eustachio
  2324 | D:4      | Killed Eustachio
  2325 | D:4      | Reached XP level 7. HP: 45/51 MP: 10/10
  3085 | D:5      | Entered Level 5 of the Dungeon
  3275 | D:5      | Reached skill level 6 in Short Blades
  3371 | D:5      | Reached skill level 5 in Dodging
  3371 | D:5      | Reached XP level 8. HP: 55/58 MP: 13/13
  4158 | D:6      | Found Tel Coto's Book Shop.
  4222 | D:6      | Noticed a kobold demonologist
  4260 | D:6      | Noticed a rust devil
  4260 | D:6      | Killed a kobold demonologist
  4261 | D:6      | Reached skill level 7 in Short Blades
  4333 | D:6      | Reached skill level 5 in Stealth
  4446 | D:6      | Found Biwnei's Antique Armour Shop.
  4501 | D:6      | Reached XP level 9. HP: 24/65 MP: 15/15
  4546 | D:6      | Bought a glowing robe for 88 gold pieces
  4613 | D:6      | Noticed a cyclops
  4614 | D:6      | Killed a cyclops
  4740 | D:6      | Reached skill level 8 in Short Blades
  4771 | D:6      | Reached skill level 5 in Spellcasting
  4995 | D:6      | Noticed a gargoyle
  5078 | D:6      | HP: 3/66 [gargoyle/stone arrow (10)]
  5083 | D:6      | Killed from afar by a gargoyle

Illustrated notes

Levels and vault maps discovered:
D:1:      saegor_arrival_simple_c, layout_rooms,
          shapermc_ecumenical_altar_totnotflames, minmay_distorted
D:2:      layout_rooms, serial_corexii_hall, corexii_hall_statues_l,
          chequers_hall_statues_wall_a, nicolae_houndstooth_variations,
          uniq_robin
D:3:      layout_loops_ring, uniq_sigmund
D:4:      layout_gridville, uniq_eustachio
D:5:      layout_loops_corners, minivault_11, kennysheep_boxes
D:6:      lemuel_castle_with_subvaults [lemuel_castle_interior_original],
          layout_loops_cross, serial_shops, nicolae_shop_crystal,
          nicolae_shop_window_shopping, shop, hellmonk_no_cap

Skill      XL: |  1  2  3  4  5  6  7  8  9 |
---------------+----------------------------+-----
Short Blades   | 4 5 6 7 8 |  8.2
Fighting       | 2 3 4 |  4.6
Spellcasting   | 1 2 3 4 5 |  5.2
Armour         | 1 2 3 4 |  4.1
Stealth        | 1 2 3 5 |  5.6
Dodging        | 4 5 6 |  6.9
Throwing       | |  1.5

Action                     |  1- 3 |  4- 6 |  7- 9 || total
---------------------------+-------+-------+-------++-------
  Melee: Rapier            |   138 |       |       ||   138
         Bite              |    13 |     9 |    62 ||    84
         Dagger            |    14 |    97 |   378 ||   489
         Punch             |     1 |     1 |     6 ||     8
    Use: Scroll            |     1 |       |     6 ||     7
         Potion            |       |       |     6 ||     6
   Stab: Sleeping          |     1 |     2 |     4 ||     7
         Invisible         |       |       |     1 ||     1
 Armour: Leather armour    |    45 |    18 |    74 ||   137
         Robe              |       |       |    40 ||    40
  Dodge: Dodged            |   113 |    67 |   255 ||   435

Table legend: (Time is in decaauts)
 A = Elapsed time spent in this place.
 B = Non-inter-level travel time spent in this place.
 C = Inter-level travel time spent in this place.
 D = Time resting spent in this place.
 E = Time spent auto-exploring this place.
 F = Levels seen in this place.
 G = Mean time per level.
                   A        B        C        D        E       F      G
               +--------+--------+--------+--------+--------+-----+--------+
         Total |   4943 |   4855 |     88 |    142 |   2835 |   6 |  823.8 |
       Dungeon |   4943 |   4855 |     88 |    142 |   2835 |   6 |  823.8 |
               +--------+--------+--------+--------+--------+-----+--------+

Top non-repeatable levels by time:
     D:5: 1034 daAuts
     D:4: 1008 daAuts
     D:6: 859 daAuts
     D:3: 776 daAuts
     D:2: 672 daAuts
     D:1: 592 daAuts
